 Dungeon Sprint DCSS version 0.27.1-33-g824d729ab1 (webtiles) character file.

Game seed: 3645110069404013336

429 manyhoops the Basher (level 6, -4/70 HPs)
             Began as a Gargoyle Berserker on Nov 26, 2021.
             Was a Believer of Trog.
             Slain by Sonja (6 damage)
             ... in the Dungeon (Sprint I: "Red Sonja").
             The game lasted 00:01:15 (442 turns).

manyhoops the Basher (Gargoyle Berserker)            Turns: 442, Time: 00:01:16

Health: -4/70      AC: 12    Str: 23    XL:     6   Next: 98%
Magic:  6/6        EV: 11    Int:  7    God:    Trog [**....]
Gold:   47         SH:  0    Dex:  9    Spells: 5/5 levels left

rFire    . . .     SeeInvis .   a - +0 mace
rCold    . . .     Faith    .   (no shield)
rNeg     + . .     Spirit   .   i - +0 ring mail
rPois    ∞         Reflect  .   (no helmet)
rElec    +         Harm     .   (no cloak)
rCorr    .         Rampage  .   (no gloves)
Will     ++...     NoTele   +   b - +0 pair of boots
Stlth    ..........             (no amulet)
HPRegen  1.21/turn              (no ring)
MPRegen  0.10/turn              (no ring)

@: berserking (expiring), strong-willed (expiring), regenerating (expiring),
very quick
A: sickness immunity, AC +4, negative energy resistance 1, electricity
resistance, torment resistance 1, petrification resistance
a: Renounce Religion, Berserk, Trog's Hand


You were in the Dungeon.
You worshipped Trog.
Trog was pleased with you.
You visited 1 branch You collected 308 gold pieces.
You spent 261 gold pieces at shops.

Inventory:

Hand Weapons
 a - a +0 mace (weapon)
Armour
 b - a +0 pair of boots (worn)
 i - a +0 ring mail (worn)
Jewellery
 j - a ring of magical power
Scrolls
 h - a scroll of blinking
 k - a scroll of immolation {unknown}
Potions
 c - a potion of curing
 d - a potion of heal wounds
 e - a potion of haste
 f - 2 potions of magic
 g - a potion of berserk rage
 l - a potion of might {unknown}


   Skills:
 - Level 9.5 Fighting
 - Level 9.8 Maces & Flails
 + Level 8.4 Armour
 - Level 1.5 Dodging


You had 5 spell levels left.
You didn't know any spells.
Your spell library was empty.

Dungeon Overview and Level Annotations

Branches:
Dungeon (1/1)

Altars:
Cheibriados
Dithmenos
Elyvilon
Fedhas
Gozag
Hepliaklqana
Kikubaaqudgha
Nemelex Xobeh
Okawaru
Qazlal
Ru
Sif Muna
Trog
Uskayaw
Vehumet
Wu Jian
Yredelemnul
Zin
The Shining One

Shops:
D *

Annotations:
D Sonja


Innate Abilities, Weirdness & Mutations

You are immune to sickness and miasma.
Your stone body is resilient. (AC +4)
You are immune to poison.
You resist negative energy. (rN+)
You are resistant to electric shocks. (rElec)
You are resistant to unholy torment.
You are immune to petrification.


Message History

You sock Sonja!
Sonja is heavily wounded.
Sonja hits you with a +1 dagger of distortion.
Space warps horribly around you! Sonja closely misses you.
Sonja hits you with a +1 dagger of distortion.
You miss Sonja.
Sonja is heavily wounded.
Sonja mumbles some strange words.
Sonja blinks!
You miss Sonja.
Sonja is heavily wounded.
Sonja hits you but does no damage. Sonja barely misses you.
Sonja hits you but does no damage. Space bends around you.
You miss Sonja.
Sonja is heavily wounded.
You feel the effects of Trog's Hand fading.
You completely miss Sonja.
Sonja is heavily wounded.
Sonja barely misses you. Sonja hits you but does no damage.
Space warps horribly around you!!
* * * LOW HITPOINT WARNING * * *
Sonja hits you but does no damage. Space bends around you.
* * * LOW HITPOINT WARNING * * *
You are too berserk!
You completely miss Sonja.
Sonja is heavily wounded.
Sonja hits you but does no damage. Sonja barely misses you. Sonja misses you.
You miss Sonja.
Sonja is heavily wounded.
Sonja hits you but does no damage. Sonja misses you.
Sonja hits you with a +1 dagger of distortion.
* * * LOW HITPOINT WARNING * * *
Space bends around you.
* * * LOW HITPOINT WARNING * * *
Unknown command.
Press < or > to pray at altars.
You miss Sonja.
Sonja is heavily wounded.
Sonja hits you with a +1 dagger of distortion.
You die...

################
#<.#..)..#..'..#
#..[..#..').#..+
#..#####'#####'#
#..####..#...#)#
#..#__####..##(#
#..#_____##'#_.+
#⌠⌠#_.∩...†.K._#
####_..__##@.#'#
#_____###'#.#
####### #.###
$.$ #$.$# ##.##
#+#


You could see Sonja.

Vanquished Creatures
  Sigmund (D)
  A yak (D)
  An ogre (D)
  A jelly (D)
  Ijyb (D)
5 creatures vanquished.

Vanquished Creatures (others)
  A gargoyle (D)
1 creature vanquished.

Grand Total: 6 creatures vanquished

Notes
Turn   | Place    | Note
-------+----------+-------------------------------------------
     0 | D        | manyhoops the Gargoyle Berserker began the quest for the
                  | Orb.
     0 | D        | Reached XP level 1. HP: 14/14 MP: 1/1
     1 | D        | Noticed Ijyb
    11 | D        | Killed Ijyb
    12 | D        | Reached XP level 2. HP: 19/19 MP: 2/2
    12 | D        | Reached XP level 3. HP: 23/23 MP: 3/3
    68 | D        | Noticed an ogre
    74 | D        | Killed an ogre
    75 | D        | Reached XP level 4. HP: 15/28 MP: 4/4
   177 | D        | Killed a gargoyle
   259 | D        | Noticed Sigmund
   269 | D        | Killed Sigmund
   269 | D        | Reached ** piety under Trog
   270 | D        | Reached XP level 5. HP: 41/41 MP: 5/5
   270 | D        | Reached XP level 6. HP: 47/47 MP: 6/6
   325 | D        | Found an ornate altar of the Wu Jian Council.
   325 | D        | Found a shimmering blue altar of Sif Muna.
   327 | D        | Found a radiant altar of Vehumet.
   374 | D        | Found Vogad's Assorted Antiques.
   374 | D        | Found an ancient bone altar of Kikubaaqudgha.
   374 | D        | Found a hazy altar of Hepliaklqana.
   374 | D        | Found a stormy altar of Qazlal.
   374 | D        | Found a hide-covered altar of Uskayaw.
   374 | D        | Found a blossoming altar of Fedhas.
   374 | D        | Found a bloodstained altar of Trog.
   374 | D        | Found an iron altar of Okawaru.
   374 | D        | Found a basalt altar of Yredelemnul.
   374 | D        | Found a glowing golden altar of the Shining One.
   374 | D        | Found a snail-covered altar of Cheibriados.
   374 | D        | Found a sacrificial altar of Ru.
   374 | D        | Found a glowing silver altar of Zin.
   374 | D        | Found a shadowy altar of Dithmenos.
   374 | D        | Found a white marble altar of Elyvilon.
   374 | D        | Noticed a yak
   380 | D        | Killed a yak
   381 | D        | Found an opulent altar of Gozag.
   382 | D        | Found a sparkling altar of Nemelex Xobeh.
   386 | D        | Bought a pair of boots for 103 gold pieces
   386 | D        | Bought a garnet ring for 115 gold pieces
   391 | D        | Bought a scroll labelled ENGAUD UMOROU for 23 gold pieces
   391 | D        | Bought a cyan potion for 20 gold pieces
   428 | D        | Noticed Sonja
   441 | D        | HP: 1/70 [Sonja (4)]
   442 | D        | Slain by Sonja

Illustrated notes

Levels and vault maps discovered:
D:        dungeon_sprint_1 [red_sonja_temple_1, red_sonja_temple_small_1]

Skill      XL: |  1  2  3  4  5  6 |
---------------+-------------------+-----
Maces & Flails | 6 9 |  9.8
Fighting       | 9 |  9.5
Armour         | 8 |  8.4
Dodging        | |  1.5

Action                   |  1- 3 |  4- 6 || total
-------------------------+-------+-------++-------
Melee: Mace              |    14 |    24 ||    38
Invok: Berserk           |     2 |     4 ||     6
       Trog's Hand       |       |     1 ||     1
Armor: Animal skin       |     3 |       ||     3
       Ring mail         |       |     9 ||     9
Dodge: Dodged            |     4 |    12 ||    16
